 Dungeon Crawl Stone Soup version 0.29-a0-512-gf59ac78 (webtiles) character file.

Game seed: 17608631244067761554

12238 Toastz the Fighter (level 12, -8/94 HPs)
             Began as a Djinni Conjurer on May 29, 2022.
             Was a Priest of Makhleb.
             Killed from afar by Erica (21 damage)
             ... with a lance of force
             ... on level 2 of the Lair of Beasts.
             The game lasted 00:39:52 (13573 turns).

Toastz the Fighter (Djinni Conjurer)               Turns: 13573, Time: 00:39:53

Health: -8/94      AC: 15    Str:  6    XL:     12   Next: 17%
Gold:   186        EV:  8    Int: 30    God:    Makhleb [***...] SH:  0 Dex: 13

rFire   + + +      SeeInvis .   a - staff of conjuration
rCold   x . .      Faith    .   (no shield)
rNeg    . . .      Spirit   .   F - +2 scale mail {Will+}
rPois   ∞          Reflect  .   i - +0 helmet
rElec   .          Harm     .   u - +1 cloak
rCorr   .          Rampage  .   K - +1 pair of gloves
Will    ++...                   (boots unavailable)
Stlth   ..........              (no amulet)
HPRegen 0.25/turn               j - +6 ring of intelligence
MPRegen 0.00/turn               H - ring of protection from fire

@: liquefying, flying, slowed movement, very slow
A: sickness immunity, fire resistance 2, cold vulnerability 1, float, innate
caster, HP casting, extra vitality 1
a: Renounce Religion, Minor Destruction, Lesser Servant of Makhleb


You were on level 2 of the Lair of Beasts.
You worshipped Makhleb.
Makhleb was most pleased with you.
You visited 3 branches of the dungeon, and saw 13 of its levels.

You collected 559 gold pieces.
You spent 373 gold pieces at shops.

Inventory:

Hand Weapons
 b - the +8 long sword of Parsimonious Purpose {spect, Str+4}
   (You found it on level 8 of the Dungeon)

   When its wielder attacks, the weapon's spirit leaps out and strikes again.
   The spirit shares a part of any damage it takes with its wielder.
   Str:       It affects your strength (+4).
 Q - a +4 double sword of draining
Missiles
 w - 6 javelins
 C - 9 boomerangs
 I - 3 throwing nets
 O - 2 curare-tipped darts
 R - 7 silver javelins
Armour
 i - a +0 helmet (worn)
 m - an orb of guile
 u - a +1 cloak (worn)
 v - a +0 ring mail
 F - a +2 scale mail of willpower (worn)
 G - a +3 chain mail
 K - a +1 pair of gloves (worn)
Magical Staves
 a - a staff of conjuration (weapon)
 r - a staff of poison
 E - a staff of fire
Jewellery
 j - a +6 ring of intelligence (left hand)
 H - a ring of protection from fire (right hand)
Wands
 o - a wand of paralysis (3)
 t - a wand of iceblast (10)
 L - a wand of flame (7)
 P - a wand of digging (4)
Scrolls
 c - 2 scrolls of fog
 d - 3 scrolls of poison
 e - a scroll of blinking {unknown}
 h - a scroll of brand weapon {unknown}
 k - a scroll of teleportation
 n - a scroll of immolation
 p - a scroll of torment
 x - 3 scrolls of summoning
 y - 3 scrolls of magic mapping {unknown}
 J - a scroll of enchant weapon {unknown}
 M - a scroll of fear {unknown}
Potions
 f - 2 potions of lignification
 g - 2 potions of cancellation {unknown}
 l - 2 potions of curing
 q - 3 potions of might
 s - a potion of berserk rage {unknown}
 z - a potion of haste
 A - 3 potions of mutation
 B - 2 potions of brilliance
 D - 4 potions of flight {unknown}
 N - a potion of magic {unknown}


   Skills:
 + Level 11.5 Fighting
 - Level 6.4 Armour
 - Level 5.0 Dodging
 - Level 1.5 Stealth
 * Level 10.3 Spellcasting
 + Level 0.3 Invocations


You had 3 spell levels left.
You knew the following spells:

 Your Spells              Type           Power      Damage    Failure   Level
a - Magic Dart            Conj           100%       1d8       1%          1
b - Searing Ray           Conj           100%       2d8       1%          2
c - Dazzling Flash        Conj/Hex       100%       N/A       1%          3
d - Fulminant Prism       Conj/Hex       43%        3d20      6%          4
e - Poisonous Vapours     Pois/Air       100%       N/A       1%          2
f - Call Canine Familiar  Summ           67%        N/A       1%          3
g - Iskenderun's Mystic   Conj/Tloc      86%        2d17      6%          4
h - Necrotize             Necr           100%       1d9       1%          1
q - Summon Ice Beast      Ice/Summ       67%        N/A       6%          4
x - Leda's Liquefaction   Hex/Erth       33%        N/A       6%          4
Your spell library was empty.

Dungeon Overview and Level Annotations

Branches:
Dungeon (10/15)            Temple (1/1) D:5            Lair (2/6) D:8
  Swamp: Lair:2-4    Shoals: Lair:2-4     Snake: Lair:2-4    Spider: Lair:2-4
    Orc: D:9-12

Altars:
Ashenzari
Cheibriados
Dithmenos
Elyvilon
Fedhas
Gozag
Hepliaklqana
Kikubaaqudgha
Makhleb
Nemelex Xobeh
Okawaru
Qazlal
Ru
Sif Muna
Trog
Uskayaw
Vehumet
Wu Jian
Xom
Yredelemnul
Zin
The Shining One

Shops:
D:8 [[[[(

Annotations:
D:10 Fannar
Lair:2 Erica


Innate Abilities, Weirdness & Mutations

You are immune to sickness and miasma.
You are immune to poison.
Your flesh is very heat resistant. (rF++)
You are vulnerable to cold. (rC-)
You float through the air rather than walking.
You learn spells naturally, not from books.
Your magical power is your life essence.
You have superior vitality. (+4 MHP)


Message History

Casting: Searing Ray (safe; 1% risk of failure)
Confirm with . or Enter, or press ? or * to list all spells.
Aiming: Fulminant Prism (dangerous; 6% risk of failure)
Press: ? - help, Dir - move target, p - water moccasin You feel a surge of power!
You conjure a prism of explosive energy!
Erica shouts!
A fulminant prism comes into view.
Your fulminant prism crackles loudly.
Your fulminant prism explodes!
The blast of energy engulfs the water moccasin!!
You kill the water moccasin!
Makhleb accepts your kill.
You feel better.
The blast of energy engulfs Erica!!
Erica is heavily wounded.
You hear a loud, deep croak!
You hear a bellow!
You hear an angry hiss.
You hear a howl!
Casting: Fulminant Prism (dangerous; 6% risk of failure)
Confirm with . or Enter, or press ? or * to list all spells.
Aiming: Fulminant Prism (dangerous; 6% risk of failure)
Press: ? - help, Dir - move target You feel a surge of power!
You conjure a prism of explosive energy!
A fulminant prism comes into view.
A bullfrog comes into view.
Your fulminant prism crackles loudly.
Your fulminant prism explodes!
The blast of energy engulfs Erica!!
Erica is almost dead.
The blast of energy engulfs you!!!
Ouch! That really hurt!
* * * LOW HITPOINT WARNING * * *
The blast of energy engulfs the bullfrog!!
You kill the bullfrog!
Makhleb accepts your kill.
A black mamba comes into view.
You hear a howl!
Erica points at you and mumbles some strange words.
The lance of force hits you!!
You die...

......##. ..
...⌠....# .#
.......##..
#......#S
####...⌠.@##
.........(.#
......†....#
..)..⌠.@.⌠.+
......††...#
...........#
####...⌠..##
#......##
.......#.
...⌠...##.
......# ##


You could see Erica (struggling) and a black mamba (struggling).

Vanquished Creatures
  Urug (Lair:1)
  Sonja (Lair:2)
  Pikel (D:3)
  A cane toad (Lair:1)
  3 komodo dragons (Lair:1)
  2 hornets
  A wraith (D:10)
  9 yaks
  A vampire (D:9)
  6 wyverns
  A steam dragon (D:7)
  Edmund (D:6)
  6 water moccasins
  4 orc warriors
  5 black bears
  An ice beast (D:7)
  19 wolves
  4 ogres
  2 phantoms
  A centaur (D:9)
  A kobold brigand (D:9)
  7 bullfrogs
  A necrophage (D:6)
  3 gnoll sergeants
  2 scorpions
  6 wights (D:8)
  8 killer bees
  6 howler monkeys
  2 hounds
  A jelly (D:5)
  A gnoll shaman (D:10)
  12 orc priests
  2 iguanas
  8 orc wizards
  20 gnolls
  7 adders
  2 white imps
  A worm (D:3)
  5 dart slugs
  28 orcs
  4 endoplasms
  A giant cockroach (D:3)
  5 goblins
  2 hobgoblins
  7 jackals
  3 quokkas
  8 ball pythons
  5 bats
  2 frilled lizards (D:2)
  7 kobolds
  5 rats
  A rat zombie (D:6)
243 creatures vanquished.

Vanquished Creatures (collateral kills)
  An ice beast (D:6)
  An orc (D:4)
2 creatures vanquished.

Vanquished Creatures (others)
  101 fulminant prisms
  7 fungi
  11 plants
119 creatures vanquished.

Grand Total: 364 creatures vanquished

Notes
Turn   | Place    | Note
-------+----------+-------------------------------------------
     0 | D:1      | Toastz the Djinni Conjurer began the quest for the Orb.
     0 | D:1      | Reached XP level 1. HP: 15/15 MP: 0/0
   281 | D:1      | Reached XP level 2. HP: 21/22 MP: 0/0
   304 | D:1      | Reached skill level 1 in Fighting
   809 | D:2      | Reached XP level 3. HP: 27/27 MP: 0/0
   809 | D:2      | Learned a level 1 spell: Necrotize
   934 | D:2      | Found a bloodstained altar of Trog.
  1032 | D:2      | Found a faded altar of an unknown god.
  1493 | D:3      | Reached skill level 2 in Fighting
  1532 | D:3      | Reached XP level 4. HP: 24/33 MP: 0/0
  2347 | D:3      | Noticed a black bear
  2360 | D:3      | Killed a black bear
  2361 | D:3      | Reached skill level 3 in Fighting
  2361 | D:3      | Reached XP level 5. HP: 30/40 MP: 0/0
  2361 | D:3      | Learned a level 2 spell: Poisonous Vapours
  2850 | D:4      | Noticed a lemure
  2857 | D:4      | Reached XP level 6. HP: 35/47 MP: 0/0
  2936 | D:4      | Noticed Pikel
  2947 | D:3      | HP: 2/47 [lemure[Pikel] (8)]
  2969 | D:3      | Killed Pikel
  2970 | D:3      | Reached skill level 5 in Fighting
  2970 | D:3      | Reached skill level 5 in Spellcasting
  2970 | D:3      | Reached XP level 7. HP: 23/54 MP: 0/0
  2970 | D:3      | Learned a level 3 spell: Call Canine Familiar
  3393 | D:4      | Reached XP level 8. HP: 55/60 MP: 0/0
  3910 | D:4      | Noticed a yak
  3911 | D:4      | Noticed a yak
  3913 | D:4      | Noticed a yak
  3915 | D:4      | Noticed a yak
  3916 | D:4      | Noticed a yak
  3927 | D:4      | Killed a yak
  3927 | D:4      | Killed a yak
  3928 | D:4      | Reached skill level 6 in Fighting
  3945 | D:4      | Killed a yak
  3945 | D:4      | Killed a yak
  3946 | D:4      | Reached skill level 7 in Fighting
  3946 | D:4      | Reached XP level 9. HP: 14/68 MP: 0/0
  3946 | D:4      | Learned a level 4 spell: Summon Ice Beast
  4547 | D:5      | Entered Level 5 of the Dungeon
  4590 | D:5      | Reached skill level 1 in Armour
  5107 | D:5      | Reached skill level 8 in Fighting
  6088 | D:5      | Found a staircase to the Ecumenical Temple.
  6097 | Temple   | Entered the Ecumenical Temple
  6470 | Temple   | Became a worshipper of Makhleb the Destroyer
  6634 | D:6      | Noticed Edmund
  6640 | D:6      | Killed Edmund
  6940 | D:6      | Reached XP level 10. HP: 70/77 MP: 0/0
  7322 | D:6      | Found a broken altar of Ashenzari.
  7790 | D:7      | Reached skill level 9 in Fighting
  7953 | D:7      | Reached * piety under Makhleb
  8307 | D:7      | Found a hazy altar of Hepliaklqana.
  8324 | D:7      | Found a blossoming altar of Fedhas.
  8408 | D:7      | Found a bloodstained altar of Trog.
  8408 | D:7      | Found a sparkling altar of Nemelex Xobeh.
  8502 | D:8      | Found Fywuodwa's Armour Shop.
  8657 | D:8      | Found a snail-covered altar of Cheibriados.
  8668 | D:8      | Found Lorimobbal's Armour Boutique.
  8733 | D:8      | Reached skill level 5 in Armour
  8935 | D:8      | Found a glowing silver altar of Zin.
  8935 | D:8      | Noticed an angel
  9078 | D:8      | Reached skill level 10 in Fighting
  9406 | D:8      | Identified the +8 long sword of Parsimonious Purpose
                  | {spect, Str+4}
  9695 | D:8      | Found Iffuav's Weapon Shop.
  9713 | D:8      | Reached XP level 11. HP: 81/85 MP: 0/0
  9713 | D:8      | Learned a level 4 spell: Leda's Liquefaction
  9748 | D:8      | Found Nyariem's Armour Boutique.
  9815 | D:8      | Bought a +2 scale mail of willpower for 315 gold pieces
  9849 | D:8      | Found a staircase to the Lair.
  9877 | D:8      | Found Dunuw's Antique Armour Shop.
 10017 | D:8      | Bought a +0 helmet for 58 gold pieces
 10248 | D:9      | Reached ** piety under Makhleb
 11509 | D:9      | Found a sacrificial altar of Ru.
 11642 | D:10     | Entered Level 10 of the Dungeon
 11884 | D:10     | Reached skill level 5 in Dodging
 12147 | D:10     | Noticed Fannar
 12290 | Lair:1   | Entered Level 1 of the Lair of Beasts
 12294 | Lair:1   | Identified the +0 barding of Juvisaill {-Cast rN++ Will+}
 12379 | Lair:1   | Reached *** piety under Makhleb
 12441 | Lair:1   | Reached skill level 11 in Fighting
 13031 | Lair:1   | Noticed Urug
 13053 | Lair:1   | Killed Urug
 13054 | Lair:1   | Reached skill level 10 in Spellcasting
 13054 | Lair:1   | Reached XP level 12. HP: 40/94 MP: 0/0
 13553 | Lair:2   | Noticed Sonja
 13559 | Lair:2   | Killed Sonja
 13566 | Lair:2   | Noticed Erica
 13573 | Lair:2   | Killed from afar by Erica

Illustrated notes

Levels and vault maps discovered:
D:1:      dpeg_arrival_arbitrary_b, layout_basic, minmay_tiny_reverse_x
D:2:      layout_basic, nicolae_ecumenical_lake_church, basic_altar,
          minmay_octomino_j4
D:3:      layout_basic, ebering_dispersal_statue_hall, serial_bayou_pond_e,
          kennysheep_big_empty_room
D:4:      layout_gridville, uniq_pikel
D:5:      layout_loops_ring, minmay_temple_entry_poolview
D:6:      layout_rooms, lemuel_zombie_altar_kikubaaqudgha,
          lemuel_coloured_pillars_altar, uniq_edmund
D:7:      layout_cave_pools, gammafunk_temple_overflow_claw,
          mainiacjoe_overflow_swirl, roderic_serpentine_path
D:8:      layout_gridville, zin_angel, old_standard_altar,
          minmay_lair_entry_grove, serial_shops, nicolae_shop_statue_plus,
          nicolae_shop_hallway_stairs, nicolae_shop_bloodbath_and_beyond, shop,
          nicolae_shop_hallway_stairs
D:9:      layout_loops_ring, kennysheep_mini_moat
D:10:     layout_roguey, serial_glass, glass_columns_c, glass_columns_b,
          uniq_fannar
Temple:   minmay_temple_forest_path
Lair:1:   layout_hall_layers, minivault_25, uniq_urug
Lair:2:   layout_loops_ring, basic_altar, dreamdust_mushroom_princess,
          grunt_megastairs_3, lemuel_fruit_tree, uniq_sonja, uniq_erica

Skill      XL: |  1  2  3  4  5  6  7  8  9 10 11 |
---------------+----------------------------------+-----
Fighting       | 1 2 3 5 7 8 10 11 | 11.5
Spellcasting   | 4 5 6 7 8 10 | 10.3
Armour         | 3 5 6 |  6.4
Dodging        | 3 5 |  5.0
Stealth        | |  1.5
Invocations    | |  0.3

Action                   |  1- 3 |  4- 6 |  7- 9 | 10-12 || total
-------------------------+-------+-------+-------+-------++-------
Melee: Whip              |       |       |    23 |       ||    23
       Staff             |       |       |     6 |    15 ||    21
       Long sword        |       |       |       |     8 ||     8
 Fire: Hunting sling     |    11 |    31 |     7 |       ||    49
 Cast: Magic Dart        |    43 |     9 |    95 |   116 ||   263
       Searing Ray       |     5 |     3 |     6 |    21 ||    35
       Fulminant Prism   |       |     5 |    21 |    76 ||   102
       Poisonous Vapours |       |     5 |       |       ||     5
       Call Canine Famil |       |       |     2 |       ||     2
       Summon Ice Beast  |       |       |     2 |     2 ||     4
       Iskenderun's Myst |       |       |       |     7 ||     7
       Leda's Liquefacti |       |       |       |     5 ||     5
  Use: Scroll            |       |     2 |     5 |     9 ||    16
       Potion            |       |     3 |     1 |       ||     4
Armor: Robe              |     4 |     7 |     3 |       ||    14
       Ring mail         |       |       |     9 |     4 ||    13
       Scale mail        |       |       |       |    38 ||    38
Dodge: Dodged            |     4 |    31 |    19 |    57 ||   111

Table legend: (Time is in decaauts)
 A = Elapsed time spent in this place.
 B = Non-inter-level travel time spent in this place.
 C = Inter-level travel time spent in this place.
 D = Time resting spent in this place.
 E = Time spent auto-exploring this place.
 F = Levels seen in this place.
 G = Mean time per level.
                   A        B        C        D        E       F      G
               +--------+--------+--------+--------+--------+-----+--------+
         Total |  13590 |  12747 |    843 |   3584 |   7352 |  13 | 1045.4 |
       Dungeon |  11908 |  11158 |    750 |   3262 |   6368 |  10 | 1190.8 |
        Temple |    396 |    329 |     67 |      0 |    246 |   1 |  396.0 |
          Lair |   1285 |   1259 |     26 |    322 |    738 |   2 |  642.5 |
               +--------+--------+--------+--------+--------+-----+--------+

Top non-repeatable levels by time:
     D:3: 2021 daAuts
     D:8: 2001 daAuts
     D:5: 1670 daAuts
     D:9: 1272 daAuts
  Lair:1: 1265 daAuts
     D:7: 1093 daAuts
     D:4: 1080 daAuts
     D:6: 797 daAuts
     D:1: 791 daAuts
     D:2: 662 daAuts
    D:10: 517 daAuts
  Temple: 396 daAuts
  Lair:2: 20 daAuts
